 Dungeon Crawl Stone Soup version 0.30-a0-358-g0d69a1922f (webtiles) character file.

Game seed: 12442046477390372004

1 MachoJfn the Stinger (level 1, 0/11 HPs)
             Began as an Octopode Venom Mage on Nov 10, 2022.
             Slain by a hobgoblin (1 damage)
             ... on level 1 of the Dungeon.
             The game lasted 00:00:53 (45 turns).

MachoJfn the Stinger (Octopode Venom Mage)            Turns: 45, Time: 00:00:54

Health: 0/11       AC:  1    Str:  7    XL:     1   Next: 20%
Magic:  2/3        EV: 13    Int: 17    God:
Gold:   21         SH:  0    Dex: 12    Spells: 3/4 levels left

rFire   . . .      SeeInvis .    (no weapon)
rCold   . . .      Faith    .    (no shield)
rNeg    . . .      Spirit   .    (helmet restricted)
rPois   .          Reflect  .    (no amulet)
rElec   .          Harm     .    (no ring)
rCorr   .          Rampage  .    (no ring)
Will    .....                    (no ring)
Stlth   +++.......               (no ring)
HPRegen 0.21/turn                (no ring)
MPRegen 0.08/turn                (no ring)
                                 (no ring)
                                 (no ring)

@: no status effects
A: almost no armour, amphibious, 8 rings, camouflage 1, gelatinous body 1,
(nimble swimmer 1), tentacles
a: no special abilities


You were on level 1 of the Dungeon.
You visited 1 branch of the dungeon, and saw 1 of its levels.

You collected 21 gold pieces.

Inventory:

Scrolls
 c - a scroll of magic mapping {unknown}
Potions
 a - a potion of magic
 b - a potion of heal wounds {unknown}


   Skills:
 + Level 2.0 Dodging
 + Level 2.6 Stealth
 + Level 2.0 Spellcasting
 + Level 1.0 Transmutations
 + Level 3.7 Poison Magic


You had 3 spell levels left.
You knew the following spells:

 Your Spells              Type           Power      Damage    Failure   Level
a - Sting                 Tmut/Pois      36%        1d4       8%          1

Your spell library contained the following spells:

 Spells                   Type           Power      Damage    Failure   Level
 Poisonous Vapours        Pois/Air       16%        N/A       14%         2
 Mephitic Cloud           Conj/Pois/Air  5%         N/A       34%         3
 Olgreb's Toxic Radiance  Pois           14%        N/A       38%         4


Dungeon Overview and Level Annotations

Branches:
Dungeon (1/15)

Altars:


Innate Abilities, Weirdness & Mutations

You cannot wear most types of armour.
You are amphibious.
You can wear up to eight rings at the same time.
Your skin changes colour to match your surroundings (Stealth+).
Your rubbery body absorbs attacks. (AC +1, EV +1)
((You are camouflaged when in or above water. (Stealth+)))
You have tentacles for arms and can constrict up to eight enemies at once.


Message History

You kill the endoplasm!
You now have 9 gold pieces.
Found a stone staircase leading down.
b - a blue potion
c - a scroll labelled GOLEWU UCIOX Magic restored.
There are no items here.
You now have 21 gold pieces (gained 12).
A hobgoblin comes into view.
A frilled lizard and a kobold come into view.
Casting: Sting (safe; 8% risk of failure)
Confirm with . or Enter, or press ? or * to list all spells.
You can't see any susceptible monsters within range! (Use Z to cast anyway.)
An endoplasm comes into view.
The endoplasm quivers.
Casting: Sting (safe; 8% risk of failure)
Confirm with . or Enter, or press ? or * to list all spells.
You can't see any susceptible monsters within range! (Use Z to cast anyway.)
A goblin comes into view. It is wielding a +0 club.
The kobold shouts!
Casting: Sting (safe; 8% risk of failure)
Confirm with . or Enter, or press ? or * to list all spells.
Aiming: Sting (safe; 8% risk of failure)
Press: ? - help, Shift-Dir - straight line, f - hobgoblin
Aim: a hobgoblin (wandering, hasn't noticed you, 68% to hit)
The sting hits the hobgoblin.
The hobgoblin is poisoned.
The hobgoblin is heavily wounded.
The hobgoblin shouts!
The frilled lizard hisses angrily.
The goblin shouts!
You hear an angry hiss.
A ball python comes into view.
The kobold throws a stone.
The stone closely misses you.
Found 4 poisoned darts.
The hobgoblin hits you. The endoplasm freezes you.
You are frozen.
You tentacle-slap the endoplasm but do no damage.
The endoplasm freezes you.
You are frozen.
The hobgoblin hits you.
* * * LOW HITPOINT WARNING * * *
You barely miss the endoplasm. The hobgoblin hits you.
You die...

######+#....
............♣.♣#♣#♣.♣...
........##+##..........♣
........##.#♣.......♣...
##..##.###.##K..S.......
##.....##.#♣..l....♣..(
####.....##...........
#......♣....g..♣...
####.......@J......
##>.♣#♣#♣g♣.♣... ####
... ..... .#.### .### ..
##


You could see an endoplasm, a hobgoblin (poisoned), a goblin, a ball python, a
kobold and a frilled lizard.

Vanquished Creatures
  An endoplasm (D:1)
1 creature vanquished.

Notes
Turn   | Place    | Note
-------+----------+-------------------------------------------
     0 | D:1      | MachoJfn the Octopode Venom Mage began the quest for the
                  | Orb.
     0 | D:1      | Reached XP level 1. HP: 11/11 MP: 3/3
    45 | D:1      | Slain by a hobgoblin

Illustrated notes

Levels and vault maps discovered:
D:1:      lightli_arrival_boilingwater, layout_basic, serial_forest,
          infiniplex_forest_zigzag_2, infiniplex_forest_clump_C,
          infiniplex_forest_straight_3, infiniplex_forest_lined_room_3,
          infiniplex_forest_end_3, infiniplex_forest_lined_2,
          infiniplex_forest_lined_3, infiniplex_forest_zigzag_1

Action                   || total
-------------------------++-------
Melee: Unarmed           ||     3
       Tentacles         ||     1
 Cast: Sting             ||     2
Dodge: Dodged            ||     1

Table legend: (Time is in decaauts)
 A = Elapsed time spent in this place.
 B = Non-inter-level travel time spent in this place.
 C = Inter-level travel time spent in this place.
 D = Time resting spent in this place.
 E = Time spent auto-exploring this place.
 F = Levels seen in this place.
 G = Mean time per level.
                   A        B        C        D        E       F      G
               +--------+--------+--------+--------+--------+-----+--------+
         Total |     45 |     17 |     28 |      0 |      0 |   1 |   45.0 |
       Dungeon |     45 |     17 |     28 |      0 |      0 |   1 |   45.0 |
               +--------+--------+--------+--------+--------+-----+--------+

Top non-repeatable levels by time:
     D:1: 45 daAuts
